 Dungeon Crawl Stone Soup version 0.28.0-53-g5a82cb258f (webtiles) character file.

Game seed: 14652454601541197386

1522 Cykl0x the Geomancer (level 8, -6/42 HPs)
             Began as a Gargoyle Earth Elementalist on May 22, 2022.
             Mangled by a two-headed ogre
             ... wielding a +0 giant club
              (17 damage)
             ... on level 6 of the Dungeon.
             The game lasted 00:09:00 (6509 turns).

Cykl0x the Geomancer (Gargoyle Earth Elementalist)  Turns: 6509, Time: 00:09:01

Health: -6/42      AC:  8    Str: 13    XL:     8   Next: 84%
Magic:  10/17      EV: 11    Int: 17    God:
Gold:   157        SH:  5    Dex: 10    Spells: 10/19 levels left

rFire   + . .      SeeInvis .   e - +1 flail
rCold   . . .      Faith    .   c - +2 buckler
rNeg    + . .      Spirit   .   b - +1 robe
rPois   ∞          Reflect  .   (no helmet)
rElec   +          Harm     .   (no cloak)
rCorr   .          Rampage  .   (no gloves)
Will    .....                   (no boots)
Stlth   ++........              n - amulet of magic regeneration
HPRegen 0.14/turn               f - ring of protection from fire
MPRegen 0.55/turn               (no ring)

@: no status effects
A: sickness immunity, AC +5, negative energy resistance 1, electricity
resistance, torment resistance 1, petrification resistance
a: no special abilities


You were on level 6 of the Dungeon.
You visited 1 branch of the dungeon, and saw 6 of its levels.
You also visited: Sewer.

You collected 157 gold pieces.

Inventory:

Hand Weapons
 a - a +0 short sword
 e - a +1 flail (weapon)
Armour
 b - a +1 robe (worn)
 c - a +2 buckler (worn)
Jewellery
 f - a ring of protection from fire (left hand)
 n - an amulet of magic regeneration (around neck)
Wands
 i - a wand of iceblast (12)
Scrolls
 d - 2 scrolls of teleportation
 k - 2 scrolls of identify
 m - 2 scrolls of blinking
 o - a scroll of enchant weapon
Potions
 g - a potion of curing
 h - a potion of lignification
 j - 2 potions of resistance
 p - a potion of heal wounds


   Skills:
 + Level 0.8 Fighting
 + Level 1.0 Maces & Flails
 + Level 2.1 Dodging
 - Level 2.5 Stealth
 + Level 0.4 Shields
 + Level 6.2 Spellcasting
 * Level 5.7 Conjurations
 - Level 0.7 Transmutations
 + Level 8.0 Earth Magic


You had 10 spell levels left.
You knew the following spells:

 Your Spells              Type           Power      Damage    Failure   Level
a - Sandblast             Erth           64%        2d14      1%          1
b - Stone Arrow           Conj/Erth      56%        3d10      3%          3
c - Poisonous Vapours     Pois/Air       10%        N/A       26%         2
d - Mephitic Cloud        Conj/Pois/Air  11%        N/A       24%         3

Your spell library contained the following spells:

 Spells                   Type           Power      Damage    Failure   Level
 Passwall                 Tmut/Erth      16%        N/A       4%          2
 Dazzling Flash           Conj/Hex       30%        N/A       16%         3
 Corpse Rot               Necr/Air       10%        N/A       26%         2
 Petrify                  Tmut/Erth      20%        N/A       28%         4
 Anguish                  Hex/Necr       2%         N/A       86%         4
 Agony                    Necr           5%         N/A       99%         5
 Silence                  Hex/Air        2%         N/A       99%         5
 Death's Door             Necr           2%         N/A       100%        9


Dungeon Overview and Level Annotations

Branches:
Dungeon (6/15)              Sewer (visited)
 Temple: D:4-7

Altars:
Dithmenos
Gozag
Yredelemnul


Innate Abilities, Weirdness & Mutations

You are immune to sickness and miasma.
Your stone body is resilient. (AC +5)
You are immune to poison.
You resist negative energy. (rN+)
You are resistant to electric shocks. (rElec)
You are resistant to unholy torment.
You are immune to petrification.


Message History

Found an opulent altar of Gozag.
There is a stone staircase leading up here.
Found 19 sling bullets.
Found a stone staircase leading down.
k - a scroll of identify
k - 2 scrolls of identify (gained 1)
A two-headed ogre comes into view. It is wielding two +0 giant clubs.
The two-headed ogre shouts in stereo!
A two-headed ogre is nearby!
Found a quarterstaff.
Casting: Stone Arrow (dangerous; 3% risk of failure)
Confirm with . or Enter, or press ? or * to list all spells.
Aiming: Stone Arrow (dangerous; 3% risk of failure)
Press: ? - help, Shift-Dir - straight line, f - two-headed ogre
Aim: a two-headed ogre, wielding two +0 giant clubs (86% to hit)
The stone arrow hits the two-headed ogre!!
The two-headed ogre is moderately wounded.
A howler monkey comes into view.
Unknown command.
Casting: Stone Arrow (dangerous; 3% risk of failure)
Confirm with . or Enter, or press ? or * to list all spells.
Aiming: Stone Arrow (dangerous; 3% risk of failure)
Press: ? - help, Shift-Dir - straight line, f/p - two-headed ogre
Aim: a two-headed ogre, wielding two +0 giant clubs (moderately wounded, 86% to hit)
The stone arrow hits the two-headed ogre!
The two-headed ogre is heavily wounded.
The two-headed ogre closely misses you.
The two-headed ogre hits you with a +0 giant club!
Casting: Stone Arrow (dangerous; 3% risk of failure)
Confirm with . or Enter, or press ? or * to list all spells.
Aiming: Stone Arrow (dangerous; 3% risk of failure)
Press: ? - help, Shift-Dir - straight line, f/p - two-headed ogre
Aim: a two-headed ogre, wielding two +0 giant clubs (heavily wounded, 86% to hit)
The stone arrow hits the two-headed ogre!!
The two-headed ogre is severely wounded.
The howler monkey hoots and howls with incredible vigour!
The two-headed ogre hits you with a +0 giant club!
* * * LOW HITPOINT WARNING * * *
The two-headed ogre hits you with a +0 giant club!
You die...

... .. .. ......
##.####..
#.>...........#.....
.........##........
...(....##..#.#...
.................
..........O...h#
#.).$...@...#
#..#........#
##..###..###...).
####........# ....
#.....#..###.# ...
........<# #.# ..
........## #.# .
........# ...
.?....... #.#


You could see a two-headed ogre and a howler monkey (catching breath).

Vanquished Creatures
  Sigmund (D:2)
  A water moccasin (D:5)
  4 ogres
  A centaur (D:5)
  3 bullfrogs
  A scorpion (D:4)
  A water moccasin zombie (D:4)
  A wyvern skeleton (D:5)
  A jelly (D:4)
  A hound (D:5)
  A bullfrog skeleton (D:5)
  A centaur skeleton (D:4)
  An iguana (D:4)
  Natasha (thrice) (D:4)
  An orc wizard (D:4)
  3 hound zombies (D:4)
  9 adders
  A white imp (D:4)
  2 adder zombies
  2 worms
  3 dart slugs
  5 orcs (D:4)
  4 bats
  11 endoplasms
  11 giant cockroaches
  A hobgoblin (D:2)
  7 jackals
  7 quokkas
  9 ball pythons
  10 frilled lizards
  6 goblins
  2 kobolds (D:1)
  6 rats
121 creatures vanquished.

Notes
Turn   | Place    | Note
-------+----------+-------------------------------------------
     0 | D:1      | Cykl0x the Gargoyle Earth Elementalist began the quest for
                  | the Orb.
     0 | D:1      | Reached XP level 1. HP: 10/10 MP: 3/3
   265 | D:1      | Reached skill level 4 in Earth Magic
   265 | D:1      | Reached XP level 2. HP: 15/15 MP: 3/5
  1434 | D:2      | Found a basalt altar of Yredelemnul.
  1445 | D:2      | Reached XP level 3. HP: 19/19 MP: 2/6
  1449 | D:2      | Learned a level 3 spell: Stone Arrow
  1681 | D:2      | Reached skill level 1 in Conjurations
  2242 | D:2      | Found a faded altar of an unknown god.
  2242 | D:2      | Noticed Sigmund
  2275 | D:1      | Reached XP level 4. HP: 17/24 MP: 4/8
  2376 | D:2      | Killed Sigmund
  2377 | D:2      | Reached skill level 5 in Earth Magic
  2377 | D:2      | Reached XP level 5. HP: 14/28 MP: 2/10
  2895 | D:3      | Reached XP level 6. HP: 33/33 MP: 6/11
  3341 | D:4      | Reached skill level 6 in Earth Magic
  3361 | D:4      | Found a basalt altar of Yredelemnul.
  3372 | D:4      | Reached XP level 7. HP: 24/37 MP: 1/13
  3451 | D:4      | Reached skill level 1 in Maces & Flails
  3559 | D:4      | Found a glowing drain.
  3573 | Sewer    | Entered a sewer
  4468 | Sewer    | Got the Catalogue of the Sixty-Six Beds
  4686 | D:4      | Reached skill level 5 in Spellcasting
  4689 | D:4      | Learned a level 2 spell: Poisonous Vapours
  4693 | D:4      | Learned a level 3 spell: Mephitic Cloud
  4985 | D:4      | Reached skill level 7 in Earth Magic
  4985 | D:4      | Reached XP level 8. HP: 42/42 MP: 1/15
  5066 | D:4      | Found a shadowy altar of Dithmenos.
  5156 | D:4      | Noticed Natasha
  5160 | D:4      | Killed Natasha
  5278 | D:4      | Noticed Natasha
  5282 | D:4      | Killed Natasha
  5367 | D:4      | Noticed Natasha
  5368 | D:4      | Killed Natasha
  5479 | D:4      | Found a basalt altar of Yredelemnul.
  5661 | D:4      | Found a shadowy altar of Dithmenos.
  5673 | D:5      | Entered Level 5 of the Dungeon
  5867 | D:5      | Reached skill level 5 in Conjurations
  6355 | D:5      | Reached skill level 8 in Earth Magic
  6494 | D:6      | Found an opulent altar of Gozag.
  6504 | D:6      | Noticed a two-headed ogre
  6509 | D:6      | Mangled by a two-headed ogre

Illustrated notes

Levels and vault maps discovered:
D:1:      dpeg_arrival_rhombus, layout_basic, chequers_serial_rivers_micro_a
D:2:      layout_rooms, basic_altar, shapermc_ecumenical_altar_acropolis,
          hangedman_decor_opposing, bh_walls_and_bars, uniq_sigmund
D:3:      layout_rooms, minmay_crystal_room
D:4:      layout_basic, nicolae_yredelemnul_corpse_copse,
          nicolae_dithmenos_through_a_glass_darkly, portal_sewer_entry_a,
          uniq_natasha
D:5:      layout_gridville
D:6:      layout_rooms, lemuel_crystal_altar,
          mainiacjoe_overflow_concentric_impassable

Skill      XL: |  1  2  3  4  5  6  7  8 |
---------------+-------------------------+-----
Earth Magic    | 4 5 6 7 8 |  8.0
Conjurations   | 1 2 3 5 |  5.7
Spellcasting   | 3 4 5 6 |  6.2
Maces & Flails | 1 |  1.0
Dodging        | 2 |  2.1
Fighting       | |  0.8
Stealth        | |  2.5
Shields        | |  0.4
Transmutations | |  0.7

Action                   |  1- 3 |  4- 6 |  7- 9 || total
-------------------------+-------+-------+-------++-------
Melee: Flail             |     6 |    10 |    16 ||    32
 Cast: Sandblast         |    34 |    30 |    25 ||    89
       Stone Arrow       |     7 |     7 |    75 ||    89
Evoke: Wand              |       |       |     1 ||     1
  Use: Scroll            |     2 |     5 |     5 ||    12
       Potion            |       |     1 |       ||     1
Armor: Robe              |     7 |    12 |    20 ||    39
Dodge: Dodged            |     9 |    18 |    28 ||    55
Block: Buckler           |       |       |     5 ||     5
